 Dungeon Crawl Stone Soup version bcrawl-1.37.2 (webtiles) character file.

Game seed: 17594103752688268436

126363 Leeroy the Slasher (level 3, 0/27 HPs)
             Began as a Vampire Skald on Feb 11, 2023.
             Slain by a crimson imp (3 damage)
             ... on level 2 of the Dungeon.
             The game lasted 00:01:26 (987 turns).

Leeroy the Slasher (Vampire Skald)                   Turns: 987, Time: 00:01:27

Health: 0/27       AC:  3    Str: 14    XL:     3   Next: 26%
Magic:  6/6        EV: 12    Int: 13    God:
Gold:   37         SH:  1    Dex: 13    Spells: 5/6 levels left

rFire    . . .     GDR:     26% a - +0 long sword
rCold    + . .     SeeInvis +   (no shield)
rNeg     + + .     Gourm    .   b - +0 leather armour
rPois    ∞         Faith    .   (no helmet)
rElec    +         Spirit   .   (no cloak)
rCorr    .         Reflect  .   (no gloves)
MR       .....                  (no boots)
Stlth    +++.......             d - amulet of magic regeneration
HPRegen  0.07/turn              l - ring of insulation
MPRegen  0.18/turn              (no ring)

@: regenerating slowly
A: claws 1, fangs 3, see invisible, unbreathing
a: no special abilities


You were on level 2 of the Dungeon.
You were thirsty.

You visited 1 branch of the dungeon, and saw 2 of its levels.

You collected 37 gold pieces.

Inventory:

Hand Weapons
 a - a +0 long sword (weapon)
Missiles
 c - 155 javelins (quivered)
Armour
 b - a +0 leather armour (worn)
Jewellery
 d - an amulet of magic regeneration (around neck)
 l - a ring of insulation (left claw)
Scrolls
 e - a scroll of fear
 g - a scroll of remove curse {unknown}
 i - a scroll of identify
 j - a scroll of immolation {unknown}
 m - a scroll of teleportation {unknown}
Potions
 f - a potion of brilliance {unknown}
 h - a potion of curing {unknown}
 k - a potion of ambrosia {unknown}
 q - 7 potions of blood


   Skills:
 - Level 1.7 Fighting
 + Level 4.5 Long Blades
 - Level 0.8 Armour
 - Level 2.1 Dodging
 - Level 2.0 Spellcasting
 - Level 3.2 Charms


You had 5 spell levels left.
You knew the following spells:

 Your Spells              Type           Power        Failure   Level  Hunger
a - Infusion              Chrm           #.......     9%          1    None

Your spell library contained the following spells:

 Spells                   Type           Power        Failure   Level  Hunger
 Song of Slaying          Chrm           #.......     12%         2    ##.....
 Swiftness                Chrm/Air       #.......     24%         2    ##.....
 Ozocubu's Armour         Chrm/Ice       #.......     43%         3    ####...
 Regeneration             Chrm/Necr      #.........   43%         3    ####...
 Spectral Weapon          Hex/Chrm       #.......     43%         3    ####...


Dungeon Overview and Level Annotations

Branches:
Dungeon (2/12)

Altars:

Annotations:
D:2 Jessica


Innate Abilities, Weirdness & Mutations

You heal slowly.
You are immune to poison.
You have sharp fingernails.
You have razor-sharp teeth.
You have supernaturally acute eyesight. (SInv)
You can survive without breathing.


Message History

You are too injured to fight recklessly!
You are too injured to fight recklessly!
You are too injured to fight recklessly!
You are too injured to fight recklessly!
You closely miss the crimson imp. The crimson imp hits you.
You closely miss the crimson imp. The crimson imp closely misses you.
You miss the crimson imp.
The crimson imp hits you but does no damage.
You hit the crimson imp.
The crimson imp is moderately wounded.
The crimson imp closely misses you.
You closely miss the crimson imp.
The crimson imp is moderately wounded.
The crimson imp breathes fire at you. The flame tongue hits you!
* * * LOW HITPOINT WARNING * * *
You closely miss the crimson imp.
The crimson imp is moderately wounded.
The crimson imp hits you.
You die...

#################
#...............######
#.#############.##....
#.# #.##.... #.#####
#..'.... #.....#
####..). #####.#
#######.... #.#
#.......... #@#
#.....>.... #5#
#.......### #..
........... ####
######.#### #. #+###
..... ..... .....


You could see a crimson imp.

Vanquished Creatures
  2 worms
  2 dart slugs (D:1)
  A leopard gecko (D:2)
  4 bats
  2 giant cockroaches (D:1)
  2 goblins (D:1)
  3 hobgoblins
  A quokka (D:1)
  2 frilled lizards (D:1)
  7 kobolds
  4 rats
30 creatures vanquished.

Notes
Turn   | Place    | Note
-------+----------+-------------------------------------------
     0 | D:1      | Leeroy the Vampire Skald began the quest for the Orb.
     0 | D:1      | Reached XP level 1. HP: 16/16 MP: 3/3
   105 | D:1      | Reached skill level 3 in Long Blades
   126 | D:1      | Reached XP level 2. HP: 19/22 MP: 5/5
   451 | D:1      | Reached skill level 4 in Long Blades
   794 | D:2      | Noticed Jessica
   830 | D:2      | Reached XP level 3. HP: 27/27 MP: 6/6
   987 | D:2      | Slain by a crimson imp

Skill      XL: |  1  2 |
---------------+-------+-----
Long Blades    | 3 4 |  4.5
Fighting       | |  1.7
Armour         | |  0.8
Dodging        | |  2.1
Spellcasting   | |  2.0
Charms         | |  3.2

Action                   || total
-------------------------++-------
Melee: Long sword        ||    87
       Bite              ||     7
 Cast: Infusion          ||     2
 Stab: Sleeping          ||     4
  Eat: Corpse            ||     2
Armor: Leather armour    ||    11
Dodge: Dodged            ||    59
Block: Other             ||     1
